EL
JACKSONVILLE SUNS @ PENSACOLA BLUE WAHOOS
08/05/2044
 
TOP OF THE 1ST
Jacksonville Suns batting - Pitching for Pensacola Blue Wahoos : RHP Jose Marrero
Pitching: RHP Jose Marrero
Batting: LHB Jose Cabello 0-0: Ball
1-0: Ball
2-0: Ball
3-0: Called Strike
3-1: Fly out, F5 (Popup, 5F, EV 63.1 MPH)
Batting: RHB Mike Gar 0-0: Called Strike
0-1: Ball
1-1: Fly out, F9 (Flyball, 9, EV 93.1 MPH)
Batting: LHB Jimmy Hannon 0-0: Reached via error on a dropped throw from 2B, E3 (Groundball, 4, EV 103.1 MPH)
Batting: RHB German Mendoza 0-0: Called Strike
0-1: Ball
1-1: Foul Ball, location: 2F
1-2: Ball
2-2: Ground out 4-3 (Groundball, 34, EV 105.0 MPH)
Top of the 1st over - 0 runs, 0 hits, 1 error, 1 left on base; Jacksonville 0 - Pensacola 0
BOTTOM OF THE 1ST
Pensacola Blue Wahoos batting - Pitching for Jacksonville Suns : LHP Jeff Tavella
Pitching: LHP Jeff Tavella
Batting: RHB Solange Le Coq 0-0: Called Strike
0-1: Ball
1-1: Fly out, F9 (Flyball, 9LS, EV 89.4 MPH)
Batting: RHB Tim Wormell 0-0: SOLO HOME RUN (Flyball, 9D, EV 93.8 MPH), Distance : 359 ft
Batting: RHB Joseph Kirchmann 0-0: Ball
1-0: Ball
2-0: Ground out 6-3 (Groundball, 6, EV 85.6 MPH)
Batting: RHB Ricky Carbajal 0-0: Ball
1-0: Foul Ball, location: 2F
1-1: Ball
2-1: Fly out, F9 (Flyball, 9LM, EV 86.9 MPH)
Bottom of the 1st over - 1 run, 1 hit, 0 errors, 0 left on base; Jacksonville 0 - Pensacola 1
TOP OF THE 2ND
Jacksonville Suns batting - Pitching for Pensacola Blue Wahoos : RHP Jose Marrero
Batting: SHB Yoo-chul Jung 0-0: Called Strike
0-1: Swinging Strike
0-2: Foul Ball, location: 2F
0-2: Ball
1-2: Ball
2-2: Strikes out swinging
Batting: RHB Marco Sianez 0-0: Called Strike
0-1: Foul Ball, location: 2F
0-2: Ball
1-2: Strikes out swinging
Batting: RHB Pi-ao Xú 0-0: Fly out, F8 (Line Drive, 8LM, EV 94.4 MPH)
Top of the 2nd over - 0 runs, 0 hits, 0 errors, 0 left on base; Jacksonville 0 - Pensacola 1
BOTTOM OF THE 2ND
Pensacola Blue Wahoos batting - Pitching for Jacksonville Suns : LHP Jeff Tavella
Batting: RHB Danny Powell 0-0: Called Strike
0-1: Ball
1-1: Ball
2-1: Ball
3-1: Called Strike
3-2: Base on Balls
Batting: RHB Pedro Pinero 0-0: Ball
1-0: SINGLE (Groundball, 56, EV 105.0 MPH) (infield hit)
Danny Powell to second
Batting: LHB Manny Ruvalcaba 0-0: Called Strike
0-1: Ball
1-1: Called Strike
1-2: Ball
2-2: Grounds into double play, U6-3 (Groundball, 4M, EV 102.5 MPH)
Danny Powell to third
Batting: RHB Jose Caraballo 0-0: Called Strike
0-1: Ball
1-1: Called Strike
1-2: Ball
2-2: Foul Ball, location: 2F
2-2: Strikes out swinging
Bottom of the 2nd over - 0 runs, 1 hit, 0 errors, 1 left on base; Jacksonville 0 - Pensacola 1
TOP OF THE 3RD
Jacksonville Suns batting - Pitching for Pensacola Blue Wahoos : RHP Jose Marrero
Batting: RHB Manny Gonzalez 0-0: Called Strike
0-1: Swinging Strike
0-2: Strikes out swinging
Batting: RHB Wilson Valdez 0-0: Called Strike
0-1: Called Strike
0-2: Fly out, F9 (Flyball, 9S, EV 83.1 MPH)
Batting: LHB Jose Cabello 0-0: Called Strike
0-1: Swinging Strike
0-2: Ball
1-2: Ball
2-2: Strikes out swinging
Top of the 3rd over - 0 runs, 0 hits, 0 errors, 0 left on base; Jacksonville 0 - Pensacola 1
BOTTOM OF THE 3RD
Pensacola Blue Wahoos batting - Pitching for Jacksonville Suns : LHP Jeff Tavella
Batting: LHB James Himes 0-0: Ball
1-0: Ground out 5-3 (Groundball, 5, EV 85.6 MPH)
Batting: RHB Solange Le Coq 0-0: Ground out 6-3 (Groundball, 6, EV 91.9 MPH)
Batting: RHB Tim Wormell 0-0: Ball
1-0: Ball
2-0: Foul Ball, location: 2F
2-1: Foul Ball, location: 2F
2-2: Ball
3-2: Foul Ball, location: 2F
3-2: Fly out, F6 (Popup, 6M, EV 61.3 MPH)
Bottom of the 3rd over - 0 runs, 0 hits, 0 errors, 0 left on base; Jacksonville 0 - Pensacola 1
TOP OF THE 4TH
Jacksonville Suns batting - Pitching for Pensacola Blue Wahoos : RHP Jose Marrero
Batting: RHB Mike Gar 0-0: Ball
1-0: Called Strike
1-1: Ball
2-1: Fly out, F9 (Flyball, 9S, EV 93.1 MPH)
Batting: LHB Jimmy Hannon 0-0: DOUBLE (Flyball, 78XD, EV 104.4 MPH)
Batting: RHB German Mendoza 0-0: Fly out, F4 (Line Drive, 4, EV 74.4 MPH)
Batting: SHB Yoo-chul Jung 0-0: Ball
1-0: Ground out 5-3 (Groundball, 5, EV 76.9 MPH)
Top of the 4th over - 0 runs, 1 hit, 0 errors, 1 left on base; Jacksonville 0 - Pensacola 1
BOTTOM OF THE 4TH
Pensacola Blue Wahoos batting - Pitching for Jacksonville Suns : LHP Jeff Tavella
Batting: RHB Joseph Kirchmann 0-0: Ball
1-0: Swinging Strike
1-1: Ground out 5-3 (Groundball, 5L, EV 86.9 MPH)
Batting: RHB Ricky Carbajal 0-0: Called Strike
0-1: Foul Ball, location: 2F
0-2: Ground out 6-3 (Groundball, 6, EV 75.6 MPH)
Batting: RHB Danny Powell 0-0: Foul Ball, location: 2F
0-1: Fly out, F8 (Line Drive, 8RM, EV 91.3 MPH)
Bottom of the 4th over - 0 runs, 0 hits, 0 errors, 0 left on base; Jacksonville 0 - Pensacola 1
TOP OF THE 5TH
Jacksonville Suns batting - Pitching for Pensacola Blue Wahoos : RHP Jose Marrero
Batting: RHB Marco Sianez 0-0: Called Strike
0-1: Ground out 4-3 (Groundball, 4, EV 88.8 MPH)
Batting: RHB Pi-ao Xú 0-0: Ball
1-0: Swinging Strike
1-1: Foul Ball, location: 2F
1-2: Fly out, F9 (Line Drive, 9D, EV 98.1 MPH)
Batting: RHB Manny Gonzalez 0-0: Ball
1-0: Called Strike
1-1: Ball
2-1: Ground out 6-3 (Groundball, 6, EV 85.6 MPH)
Top of the 5th over - 0 runs, 0 hits, 0 errors, 0 left on base; Jacksonville 0 - Pensacola 1
BOTTOM OF THE 5TH
Pensacola Blue Wahoos batting - Pitching for Jacksonville Suns : LHP Jeff Tavella
Batting: RHB Pedro Pinero 0-0: Swinging Strike
0-1: Ball
1-1: Foul Ball, location: 2F
1-2: Ground out 5-3 (Groundball, 5, EV 83.8 MPH)
Pitching: LHP Will Devitt
Batting: LHB Manny Ruvalcaba 0-0: Ground out 4-3 (Groundball, 4, EV 81.9 MPH)
Batting: RHB Jose Caraballo 0-0: Ball
1-0: Ball
2-0: Ball
3-0: Called Strike
3-1: Foul Ball, location: 2F
3-2: Foul Ball, location: 2F
3-2: Foul Ball, location: 2F
3-2: Foul Ball, location: 2F
3-2: Fly out, F8 (Flyball, 78D, EV 96.3 MPH)
Bottom of the 5th over - 0 runs, 0 hits, 0 errors, 0 left on base; Jacksonville 0 - Pensacola 1
TOP OF THE 6TH
Jacksonville Suns batting - Pitching for Pensacola Blue Wahoos : RHP Jose Marrero
Batting: RHB Wilson Valdez 0-0: Ground out 4-3 (Groundball, 4, EV 93.1 MPH)
Batting: LHB Jose Cabello 0-0: Foul Ball, location: 2F
0-1: Fly out, F7 (Flyball, 7, EV 80.0 MPH)
Batting: RHB Mike Gar 0-0: Called Strike
0-1: Called Strike
0-2: Strikes out looking
Top of the 6th over - 0 runs, 0 hits, 0 errors, 0 left on base; Jacksonville 0 - Pensacola 1
BOTTOM OF THE 6TH
Pensacola Blue Wahoos batting - Pitching for Jacksonville Suns : LHP Will Devitt
Batting: LHB James Himes 0-0: Foul Ball, location: 2F
0-1: Swinging Strike
0-2: Strikes out looking
Batting: RHB Solange Le Coq 0-0: Called Strike
0-1: Ball
1-1: Ball
2-1: Hit by Pitch
Batting: RHB Tim Wormell 0-0: Ball
Solange Le Coq is caught stealing 2nd base 2-4
1-0: Called Strike
1-1: Ball
2-1: Swinging Strike
2-2: Ground out 4-3 (Groundball, 4, EV 112.5 MPH)
Bottom of the 6th over - 0 runs, 0 hits, 0 errors, 0 left on base; Jacksonville 0 - Pensacola 1
TOP OF THE 7TH
Jacksonville Suns batting - Pitching for Pensacola Blue Wahoos : RHP Jose Marrero
Batting: LHB Jimmy Hannon 0-0: Ball
1-0: Swinging Strike
1-1: Foul Ball, location: 2F
1-2: Foul Ball, location: 2F
1-2: Ball
2-2: Strikes out swinging
Batting: RHB German Mendoza 0-0: Ball
1-0: Called Strike
1-1: Fly out, F1 (Line Drive, P, EV 70.6 MPH)
Batting: SHB Yoo-chul Jung 0-0: Ball
1-0: Ball
2-0: Ball
3-0: Called Strike
3-1: Called Strike
3-2: Foul Ball, location: 2F
3-2: Ground out U3 (Groundball, 13, EV 81.3 MPH)
Top of the 7th over - 0 runs, 0 hits, 0 errors, 0 left on base; Jacksonville 0 - Pensacola 1
BOTTOM OF THE 7TH
Pensacola Blue Wahoos batting - Pitching for Jacksonville Suns : LHP Will Devitt
Pitching: RHP Stefan Snel
Batting: RHB Joseph Kirchmann 0-0: Called Strike
0-1: Ball
1-1: Ball
2-1: Ball
3-1: Foul Ball, location: 2F
3-2: Base on Balls
Batting: RHB Ricky Carbajal 0-0: Ball
Joseph Kirchmann steals 2nd base
1-0: Intentional Walk
Batting: RHB Danny Powell 0-0: Ball
1-0: Swinging Strike
1-1: Foul Ball, location: 2F
1-2: Strikes out swinging
Batting: RHB Pedro Pinero 0-0: SINGLE (Line Drive, 9S, EV 90.6 MPH)
Joseph Kirchmann to third
Ricky Carbajal to second
Runner from 3rd tries for Home, SAFE, throw by RF to home
Batting: LHB Manny Ruvalcaba 0-0: Called Strike
0-1: Ball
1-1: Ball
2-1: Called Strike
2-2: Grounds into double play, 4-6-3 (Groundball, 4, EV 90.0 MPH)
Bottom of the 7th over - 1 run, 1 hit, 0 errors, 1 left on base; Jacksonville 0 - Pensacola 2
TOP OF THE 8TH
Jacksonville Suns batting - Pitching for Pensacola Blue Wahoos : RHP Jose Marrero
Pinch Hitting: LHB Juan Solorzano 0-0: Fly out, F9 (Line Drive, 9, EV 106.3 MPH)
Batting: RHB Pi-ao Xú 0-0: Called Strike
0-1: Ball
1-1: Swinging Strike
1-2: Foul Ball, location: 2F
1-2: Ball
2-2: Strikes out swinging
Batting: RHB Manny Gonzalez 0-0: Foul Ball, location: 2F
0-1: Foul Ball, location: 2F
0-2: Ground out 6-3 (Groundball, 6, EV 101.9 MPH)
Top of the 8th over - 0 runs, 0 hits, 0 errors, 0 left on base; Jacksonville 0 - Pensacola 2
BOTTOM OF THE 8TH
Pensacola Blue Wahoos batting - Pitching for Jacksonville Suns : RHP Stefan Snel
Pitching: RHP Tim Poist
Now at SS: Rick Fell
Batting: RHB Jose Caraballo 0-0: Foul Ball, location: 2F
0-1: Foul Ball, location: 2F
0-2: Ball
1-2: Ball
2-2: Strikes out swinging
Batting: LHB James Himes 0-0: Called Strike
0-1: Swinging Strike
0-2: Ball
1-2: Ball
2-2: Ball
3-2: Strikes out swinging
Batting: RHB Solange Le Coq 0-0: Ball
1-0: Called Strike
1-1: Ground out 5-3 (Groundball, 56S, EV 92.5 MPH)
Bottom of the 8th over - 0 runs, 0 hits, 0 errors, 0 left on base; Jacksonville 0 - Pensacola 2
TOP OF THE 9TH
Jacksonville Suns batting - Pitching for Pensacola Blue Wahoos : RHP Jose Marrero
Pitching: RHP Ben Jennings
Batting: RHB Wilson Valdez 0-0: Ball
1-0: Ball
2-0: Ball
3-0: Called Strike
3-1: Base on Balls
Batting: LHB Jose Cabello 0-0: Swinging Strike
0-1: Called Strike
0-2: Strikes out swinging
Batting: RHB Mike Gar 0-0: Ball
1-0: Called Strike
1-1: Ball
2-1: 2-RUN HOME RUN (Flyball, 8RXD, EV 115.6 MPH), Distance : 443 ft
Batting: LHB Jimmy Hannon 0-0: Called Strike
0-1: Fly out, F6 (Popup, 6D, EV 68.1 MPH)
Batting: RHB German Mendoza 0-0: Ball
1-0: Ball
2-0: Ground out 1-3 (Groundball, P, EV 72.5 MPH)
Top of the 9th over - 2 runs, 1 hit, 0 errors, 0 left on base; Jacksonville 2 - Pensacola 2
BOTTOM OF THE 9TH
Pensacola Blue Wahoos batting - Pitching for Jacksonville Suns : RHP Tim Poist
Pitching: RHP Tim Sherrill
Batting: RHB Tim Wormell 0-0: Ground out 5-3 (Groundball, 56S, EV 81.3 MPH)
Batting: RHB Joseph Kirchmann 0-0: Called Strike
0-1: Ground out 6-3 (Groundball, 56, EV 98.8 MPH)
Batting: RHB Ricky Carbajal 0-0: Ball
1-0: Ball
2-0: Ground out 5-3 (Groundball, 56, EV 85.6 MPH)
Bottom of the 9th over - 0 runs, 0 hits, 0 errors, 0 left on base; Jacksonville 2 - Pensacola 2
TOP OF THE 10TH
Jacksonville Suns batting - Pitching for Pensacola Blue Wahoos : RHP Ben Jennings
Batting: SHB Yoo-chul Jung 0-0: Called Strike
0-1: Ball
1-1: Called Strike
1-2: Strikes out looking
Batting: RHB Rick Fell 0-0: Ball
1-0: Called Strike
1-1: Swinging Strike
1-2: DOUBLE (Flyball, 8LXD, EV 105.6 MPH)
Batting: RHB Pi-ao Xú 0-0: Called Strike
Rick Fell steals 3rd base
0-1: Foul Ball, location: 2F
0-2: Strikes out swinging
Batting: RHB Manny Gonzalez 0-0: Ball
1-0: Called Strike
1-1: Ground out 6-3 (Groundball, 6, EV 83.8 MPH)
Top of the 10th over - 0 runs, 1 hit, 0 errors, 1 left on base; Jacksonville 2 - Pensacola 2
BOTTOM OF THE 10TH
Pensacola Blue Wahoos batting - Pitching for Jacksonville Suns : RHP Tim Sherrill
Batting: LHB Steven Wamble 0-0: Foul Ball, location: 2F
0-1: Ball
1-1: SINGLE (Groundball, 34D, EV 108.1 MPH)
Batting: RHB Pedro Pinero 0-0: Sac Bunt to 2R - play at first, batter OUT! 2-4
Steven Wamble to second
Batting: LHB Manny Ruvalcaba 0-0: Intentional Walk
Batting: RHB Jose Caraballo 0-0: Called Strike
0-1: Ball
1-1: Foul Ball, location: 2F
1-2: Ball
2-2: Ball
3-2: Foul Ball, location: 2F
3-2: Base on Balls
Steven Wamble to third
Manny Ruvalcaba to second
Batting: LHB James Himes 0-0: Fly out, F8 (Line Drive, 8RM, EV 97.5 MPH)
Batting: RHB Solange Le Coq 0-0: Called Strike
0-1: Called Strike
0-2: Ball
1-2: Foul Ball, location: 2F
1-2: Strikes out swinging
Bottom of the 10th over - 0 runs, 1 hit, 0 errors, 3 left on base; Jacksonville 2 - Pensacola 2
TOP OF THE 11TH
Jacksonville Suns batting - Pitching for Pensacola Blue Wahoos : RHP Ben Jennings
Pitching: RHP Mario Quezada
Pinch Hitting: LHB Emilio Cordero 0-0: Called Strike
0-1: Ball
1-1: Fly out, F7 (Flyball, 78D, EV 96.9 MPH)
Batting: LHB Jose Cabello 0-0: Ball
1-0: Reached on error, E5 (Groundball, 56, EV 102.5 MPH)
Batting: RHB Mike Gar 0-0: Ball
Jose Cabello steals 2nd base
1-0: Swinging Strike
1-1: Foul Ball, location: 2F
1-2: Fly out, F8 (Flyball, 8RM, EV 82.5 MPH)
Batting: LHB Jimmy Hannon 0-0: Called Strike
0-1: 2-RUN HOME RUN (Flyball, 89XD, EV 99.4 MPH), Distance : 398 ft
Batting: RHB German Mendoza 0-0: Ball
1-0: Called Strike
1-1: Ball
2-1: Swinging Strike
2-2: Foul Ball, location: 2F
2-2: Strikes out swinging
Top of the 11th over - 2 runs, 1 hit, 1 error, 0 left on base; Jacksonville 4 - Pensacola 2
BOTTOM OF THE 11TH
Pensacola Blue Wahoos batting - Pitching for Jacksonville Suns : RHP Tim Sherrill
Pitching: RHP Pedro Taveras
Now at C: Emilio Cordero
Batting: RHB Tim Wormell 0-0: Ball
1-0: Called Strike
1-1: Ball
2-1: Foul Ball, location: 2F
2-2: Foul Ball, location: 2F
2-2: Foul Ball, location: 2F
2-2: Ground out 6-3 (Groundball, 6MD, EV 86.3 MPH)
Batting: RHB Joseph Kirchmann 0-0: Ball
1-0: Ball
2-0: Swinging Strike
2-1: Ground out 6-3 (Groundball, 6, EV 83.8 MPH)
Batting: RHB Ricky Carbajal 0-0: SINGLE (Line Drive, 56, EV 105.6 MPH)
Batting: LHB Steven Wamble 0-0: Ball
1-0: Foul Ball, location: 2F
1-1: Ball
2-1: Swinging Strike
2-2: Strikes out looking
Bottom of the 11th over - 0 runs, 1 hit, 0 errors, 1 left on base; Jacksonville 4 - Pensacola 2
Thursday, March 31st , 2022 - OOTP Baseball 22.12 Build 89